 Dungeon Crawl Stone Soup version 0.30-a0-632-g346586fe48 (webtiles) character file.

Game seed: 14152701986250380294

3754 QueenPhoenix2107 the Grappler (level 9, 0/138 HPs)
             Began as a Troll Berserker on Dec 6, 2022.
             Was a Priest of Trog.
             Slain by a gnoll
             ... wielding a +0 halberd
             ... led by a gnoll sergeant
              (4 damage)
             ... on level 8 of the Dungeon on Jan 13, 2023.
             The game lasted 00:32:39 (5169 turns).

QueenPhoenix2107 the Grappler (Troll Berserker)     Turns: 5169, Time: 00:32:40

Health: 0/138      AC: 16    Str: 27    XL:     9   Next: 93%
Magic:  8/8        EV: 11    Int:  5    God:    Trog [***...]
Gold:   158        SH:  0    Dex: 11    Spells: 8/8 levels left

rFire   + . .      SeeInvis .      - Unarmed
rCold   . . .      Faith    .    (no shield)
rNeg    . . .      Spirit   .    C - +2 acid dragon scales
rPois   .          Reflect  .    (helmet restricted)
rElec   .          Harm     .    B - +1 cloak of the Stonemason {Fly}
rCorr   +          Rampage  .    (gloves unavailable)
Will    ++...                    (boots unavailable) Stlth
                                 (no amulet)
HPRegen 2.23/turn                s - ring of protection from fire
MPRegen 0.11/turn                q - +4 ring of protection

@: berserking (expiring), strong-willed, flying, regenerating, studying Armour,
very quick
A: large, unfitting armour, claws 3, regeneration 1, shaggy fur 1, tough skin 1
a: Renounce Religion, Berserk, Trog's Hand


You were on level 8 of the Dungeon.
You worshipped Trog.
Trog was most pleased with you.
You visited 1 branch of the dungeon, and saw 8 of its levels.
You also visited: Sewer.

You collected 362 gold pieces.
You spent 204 gold pieces at shops.

Inventory:

Missiles
 j - a throwing net (quivered)
Armour
 a - a +0 animal skin
 m - the +1 pair of boots of the Robin {Will+}
   (You found it on level 3 of the Dungeon)

   Will:      It increases your willpower.
 B - the +1 cloak of the Stonemason (worn) {Fly}
   (You bought it in a shop on level 5 of the Dungeon)

   Fly:       It grants you flight.
 C - +2 acid dragon scales (worn)
Jewellery
 l - a ring of wizardry
 q - a +4 ring of protection (right claw)
 s - a ring of protection from fire (left claw)
Wands
 y - a wand of acid (2)
 D - a wand of mindburst (15)
Scrolls
 c - 3 scrolls of magic mapping
 d - a scroll of fog
 e - 2 scrolls of teleportation {unknown}
 k - a scroll of torment {unknown}
 n - 2 scrolls of vulnerability {unknown}
 o - 2 scrolls of identify
 p - a scroll of silence
 r - a scroll of enchant weapon {unknown}
 t - a scroll of blinking {unknown}
 w - a scroll of noise
 x - 2 scrolls of poison {unknown}
Potions
 b - a potion of cancellation
 f - a potion of might {unknown}
 g - a potion of lignification {unknown}
 h - 3 potions of brilliance {unknown}
 i - 3 potions of heal wounds {unknown}
 u - 2 potions of degeneration {unknown}
 v - a potion of haste
 z - a potion of attraction {unknown}
 A - a potion of mutation {unknown}


   Skills:
 + Level 6.4 Fighting
 + Level 6.5 Dodging
 * Level 10.6 Unarmed Combat


You had 8 spell levels left.
You didn't know any spells.
Your spell library contained the following spells:

 Spells                   Type           Power      Damage    Failure   Level
 Gell's Gravitas          Tloc           0%         N/A       89%         3
 Teleport Other           Tloc           0%         N/A       89%         3
 Dispersal                Tloc           0%         N/A       100%        6


Dungeon Overview and Level Annotations

Branches:
Dungeon (8/15)             Temple (0/1) D:6           Sewer (visited)
   Lair: D:8-11

Altars:
Makhleb
Okawaru
Xom
The Shining One

Shops:
D:5 [   D:6 (


Innate Abilities, Weirdness & Mutations

You are too large for most types of armour.
You have claws for hands.
Your natural rate of healing is unusually fast.
You are covered in fur. (AC +1)
You have tough skin. (AC +1)


Message History

The gnoll hits you from afar with a +0 halberd!
* * * LOW HITPOINT WARNING * * *
The gnoll hits you but does no damage. x2
You barely miss the gnoll sergeant.
The gnoll sergeant hits you with a +0 spear.
* * * LOW HITPOINT WARNING * * *
The gnoll closely misses you. The gnoll hits you but does no damage.
The gnoll hits you from afar with a +0 halberd!
* * * LOW HITPOINT WARNING * * *
The gnoll hits you but does no damage. The gnoll closely misses you.
You claw the gnoll sergeant!
The gnoll sergeant is heavily wounded.
You barely miss the gnoll sergeant.
The gnoll sergeant is heavily wounded.
The gnoll hits you from afar with a +0 spear.
* * * LOW HITPOINT WARNING * * *
The gnoll hits you but does no damage.
The gnoll hits you from afar with a +0 halberd.
* * * LOW HITPOINT WARNING * * *
The gnoll barely misses you. The gnoll closely misses you.
You eviscerate the gnoll sergeant!!!
You kill the gnoll sergeant!
Trog accepts your kill. The gnoll barely misses you.
The gnoll hits you but does no damage. The gnoll completely misses you.
The gnoll hits you but does no damage.
Things that are here:
a +0 spear; a +0 ring mail; a +0 kite shield You mangle the gnoll!!
You kill the gnoll!
Trog accepts your kill.
The gnoll hits you but does no damage. x2; The gnoll misses you.
The gnoll hits you from afar with a +0 halberd.
* * * LOW HITPOINT WARNING * * *
You see here a +0 spear.
You closely miss the gnoll.
The gnoll hits you from afar with a +0 spear.
* * * LOW HITPOINT WARNING * * *
The gnoll barely misses you. The gnoll hits you but does no damage.
The gnoll hits you from afar with a +0 halberd.
You die...

## #.## ##...###
#......## #....g))##
##...g.@.# ##..gg.## .
###...[## ..#......#
........# .. ###.....#
... ###......##
...##........g#
.............ยงยงยงยง##


You could see 4 gnolls.

Vanquished Creatures
  A two-headed ogre (D:7)
  Maggie (D:6)
  A kobold demonologist (D:7)
  A wyvern (D:8)
  Edmund (D:5)
  A water moccasin (D:6)
  A black bear (D:7)
  A sky beast (D:7)
  2 ogres
  3 centaurs
  2 phantoms
  3 kobold brigands
  A gnoll sergeant (D:8)
  A bullfrog (D:8)
  2 scorpions
  2 necrophages (D:6)
  3 wights (D:7)
  5 killer bees (D:8)
  A crimson imp (D:5)
  5 hounds
  3 jellies
  3 iguanas (D:4)
  2 orc wizards (D:8)
  A gnoll (D:8)
  3 river rats (Sewer)
  7 adders
  A shadow imp (D:7)
  A white imp (D:6)
  An ufetubus (D:5)
  6 worms
  13 orcs
  3 ball pythons
  10 endoplasms
  3 hobgoblins
  7 jackals
  16 kobolds
  A ball python skeleton (D:2)
  A ball python zombie (D:2)
  2 bats
  2 frilled lizards (D:2)
  3 goblins (D:4)
  A quokka skeleton (D:2)
  5 rats
133 creatures vanquished.

Vanquished Creatures (others)
  4 plants (D:6)
4 creatures vanquished.

Grand Total: 137 creatures vanquished

Notes
Turn   | Place    | Note
-------+----------+-------------------------------------------
     0 | D:1      | QueenPhoenix2107 the Troll Berserker began the quest for
                  | the Orb.
     0 | D:1      | Reached XP level 1. HP: 22/22 MP: 0/0
   351 | D:1      | You fall into a shaft and drop 1 floor!
   386 | D:2      | Noticed a scorpion
   391 | D:2      | Killed a scorpion
   392 | D:2      | Reached skill level 4 in Unarmed Combat
   392 | D:2      | Reached XP level 2. HP: 29/29 MP: 1/1
   392 | D:2      | Reached XP level 3. HP: 36/36 MP: 2/2
   404 | D:2      | Reached XP level 4. HP: 34/44 MP: 3/3
   852 | D:2      | Reached ** piety under Trog
  1010 | D:2      | Found a faded altar of an unknown god.
  1211 | D:3      | Identified the +1 pair of boots of the Robin {Will+}
  1219 | D:3      | Upgraded the game from 0.30-a0-394-g3e4acdb0ae to
                  | 0.30-a0-632-g346586fe48
  1481 | D:4      | Noticed a phantom
  1491 | D:4      | Killed a phantom
  1492 | D:4      | Reached XP level 5. HP: 43/53 MP: 4/4
  1552 | D:4      | Reached skill level 5 in Unarmed Combat
  1642 | D:4      | Reached XP level 6. HP: 40/61 MP: 5/5
  1708 | D:4      | Found an iron altar of Okawaru.
  1708 | D:4      | Found a glowing golden altar of the Shining One.
  1904 | D:4      | Found a glowing drain.
  1929 | Sewer    | Entered a sewer
  2046 | Sewer    | Reached *** piety under Trog
  2176 | Sewer    | Reached skill level 6 in Unarmed Combat
  2176 | Sewer    | Reached XP level 7. HP: 38/68 MP: 6/6
  2369 | D:5      | Entered Level 5 of the Dungeon
  2564 | D:5      | Noticed Edmund
  2573 | D:5      | Killed Edmund
  2760 | D:5      | Reached skill level 7 in Unarmed Combat
  2858 | D:5      | Found Zyigon's Armour Emporium.
  2861 | D:5      | Bought the +1 cloak of the Stonemason {Fly} for 204 gold
                  | pieces
  2913 | D:5      | Found a burning altar of Makhleb.
  2913 | D:5      | Found a shimmering altar of Xom.
  3169 | D:6      | Reached XP level 8. HP: 79/79 MP: 7/7
  3172 | D:6      | Found a staircase to the Ecumenical Temple.
  3255 | D:6      | Identified the +6 mace "Impbane" {venom, *Slow rC++ MP-9
                  | Stlth+}
  3508 | D:6      | Noticed Maggie
  3522 | D:6      | Killed Maggie
  3523 | D:6      | Reached skill level 5 in Fighting
  3523 | D:6      | Reached skill level 5 in Dodging
  3523 | D:6      | Reached skill level 8 in Unarmed Combat
  3605 | D:6      | Found Ronnajeare's Antique Weapon Emporium.
  4488 | D:7      | Noticed a two-headed ogre
  4490 | D:7      | Reached XP level 9. HP: 82/87 MP: 8/8
  4497 | D:7      | Killed a two-headed ogre
  4498 | D:7      | Reached skill level 9 in Unarmed Combat
  4677 | D:7      | Noticed a kobold demonologist
  4682 | D:7      | Noticed a hellwing
  4682 | D:7      | Killed a kobold demonologist
  4683 | D:7      | Reached skill level 10 in Unarmed Combat
  5164 | D:8      | HP: 4/138 [gnoll/+0 halberd[a gnoll sergeant] (6)]
  5169 | D:8      | HP: 4/138 [gnoll/+0 spear[a gnoll sergeant] (3)]
  5169 | D:8      | Slain by a gnoll

Illustrated notes

Levels and vault maps discovered:
D:1:      onia_arrival_handbag, layout_basic, minmay_misc_feat_more_columns,
          chequers_mini_garden
D:2:      layout_basic, serial_undead, serial_undead_b, serial_undead_d,
          serial_undead_f, serial_undead_d, nicolae_ecumenical_pavilion
D:3:      layout_basic, gammafunk_ghost_stat_death,
          chequers_serial_rivers_small_b
D:4:      layout_rooms, jmf_multi_god_temple, cheibrodos_sewer_entry_bend,
          serial_park_tiny_1, nicolae_figureground_pulse
D:5:      layout_basic, grunt_temple_overflow_champion_of_chaos, serial_shops,
          shop, chequers_arboretum, uniq_edmund
D:6:      layout_gridville, minmay_temple_entry_waves, serial_shops, shop,
          hangedman_abyss_or_decor_stabs, serial_bayou_pond_c, uniq_maggie
D:7:      nicolae_cairo_tiling_large, layout_loops_ring,
          minmay_manual_macuahuitl
D:8:      layout_cave_pools

Skill      XL: |  1  2  3  4  5  6  7  8  9 |
---------------+----------------------------+-----
Unarmed Combat | 4 5 6 7 8 10 | 10.6
Dodging        | 3 4 5 6 |  6.5
Fighting       | 3 4 5 6 |  6.4

Action                   |  1- 3 |  4- 6 |  7- 9 || total
-------------------------+-------+-------+-------++-------
Melee: Unarmed           |    32 |   151 |   191 ||   374
       Punch             |     1 |     2 |    10 ||    13
Invok: Berserk           |       |       |     4 ||     4
       Trog's Hand       |       |       |     1 ||     1
  Use: Scroll            |     2 |     1 |     3 ||     6
Armor: Animal skin       |     5 |    43 |    26 ||    74
       Acid dragon scale |       |       |   155 ||   155
Dodge: Dodged            |    24 |    66 |   213 ||   303

Table legend: (Time is in decaauts)
 A = Elapsed time spent in this place.
 B = Non-inter-level travel time spent in this place.
 C = Inter-level travel time spent in this place.
 D = Time resting spent in this place.
 E = Time spent auto-exploring this place.
 F = Levels seen in this place.
 G = Mean time per level.
                   A        B        C        D        E       F      G
               +--------+--------+--------+--------+--------+-----+--------+
         Total |   5141 |   5141 |      0 |    824 |   2957 |   9 |  571.2 |
       Dungeon |   4797 |   4797 |      0 |    784 |   2828 |   8 |  599.6 |
         Sewer |    344 |    344 |      0 |     39 |    129 |   1 |  344.0 |
               +--------+--------+--------+--------+--------+-----+--------+

Top non-repeatable levels by time:
     D:7: 1008 daAuts
     D:6: 836 daAuts
     D:5: 786 daAuts
     D:2: 761 daAuts
     D:4: 559 daAuts
     D:1: 350 daAuts
   Sewer: 344 daAuts
     D:3: 340 daAuts
     D:8: 153 daAuts
